HSSL
EVANS HS KNIGHTS @ BROKEN ARROW HS
05/01/2023
 
TOP OF THE 1ST
Evans HS Knights batting - Pitching for Broken Arrow HS : RHP Joe Rose
Pitching: RHP Joe Rose
Batting: LHB Ernesto López 0-0: SINGLE (Flyball, 6MD)
Batting: RHB Tom Stoltz 0-0: Called Strike
Ernesto López steals 2nd base
0-1: Foul Ball, location: 2F
0-2: Ball
1-2: Ball
2-2: Fly out, F8 (Flyball, 8RM)
Batting: RHB Holden Davis 0-0: Ground out 4-3 (Groundball, 4)
Ernesto López to third
Batting: LHB Bill McCraney 0-0: Ball
1-0: Ball
2-0: Called Strike
2-1: Foul Ball, location: 2F
2-2: Ball
3-2: Base on Balls
Batting: SHB Jorge Dávila 0-0: Ball
1-0: Foul Ball, location: 2F
1-1: Foul Ball, location: 2F
1-2: Foul Ball, location: 2F
1-2: DOUBLE (Line Drive, 5D)
Ernesto López scores
Bill McCraney to third
Batting: RHB Michael Stevenson 0-0: Called Strike
0-1: Called Strike
0-2: Ball
1-2: Strikes out looking
Top of the 1st over - 1 run(s), 2 hit(s), 0 error(s), 2 left on base; Evans HS 1 - Broken Arrow HS 0
BOTTOM OF THE 1ST
Broken Arrow HS batting - Pitching for Evans HS Knights : RHP Steve Parsons
Pitching: RHP Steve Parsons
Batting: RHB Irwin Robinson 0-0: Ball
1-0: Swinging Strike
1-1: Foul Ball, location: 2F
1-2: Ball
2-2: Foul Ball, location: 2F
2-2: Foul Ball, location: 2F
2-2: Ball
3-2: Foul Ball, location: 2F
3-2: Base on Balls
Batting: RHB Víctor León 0-0: Ball
1-0: Ball
2-0: Ground out 6-3 (Groundball, 6S)
Irwin Robinson to second
Batting: LHB Tim Ramsey 0-0: Ball
1-0: Foul Ball, location: 2F
1-1: Swinging Strike
1-2: Ball
2-2: Ball
3-2: Strikes out swinging
Batting: RHB Christian Moss 0-0: Foul Ball, location: 2F
0-1: Swinging Strike
0-2: Ball
1-2: Ground out 6-3 (Groundball, 6M)
Bottom of the 1st over - 0 run(s), 0 hit(s), 0 error(s), 1 left on base; Evans HS 1 - Broken Arrow HS 0
TOP OF THE 2ND
Evans HS Knights batting - Pitching for Broken Arrow HS : RHP Joe Rose
Batting: RHB Ronnie Rogers 0-0: Called Strike
0-1: Ball
1-1: Foul Ball, location: 2F
1-2: SINGLE (Line Drive, 5D)
Batting: LHB Guy Moss 0-0: Ball
1-0: Ball
2-0: Ball
3-0: Base on Balls
Ronnie Rogers to second
Batting: RHB John Eaves 0-0: Foul Ball, location: 2F
0-1: Ball
1-1: Reached on error, E1 (Groundball, 15)
Ronnie Rogers to third
Guy Moss to second
Batting: LHB Ernesto López 0-0: Foul Ball, location: 2F
0-1: Ball
1-1: Called Strike
1-2: Foul Ball, location: 2F
1-2: Ball
2-2: Ball
3-2: Fly out, F4 (Line Drive, 4M)
3-2: Fly out, F4 (Line Drive, 4M)
Batting: RHB Tom Stoltz 0-0: Grounds into double play, 6-4-3 (Groundball, 6)
Top of the 2nd over - 0 run(s), 1 hit(s), 1 error(s), 2 left on base; Evans HS 1 - Broken Arrow HS 0
BOTTOM OF THE 2ND
Broken Arrow HS batting - Pitching for Evans HS Knights : RHP Steve Parsons
Batting: RHB Robert Cannon 0-0: Ball
1-0: Ball
2-0: Called Strike
2-1: Called Strike
2-2: Ground out 6-3 (Groundball, 6)
Batting: RHB Júlio Hobbs 0-0: Called Strike
Reached via error on a dropped throw, E3
Batting: RHB David Ward 0-0: Ball
1-0: Ball
2-0: Called Strike
2-1: Reached on error, E6 (Groundball, 6)
Júlio Hobbs to second
Batting: LHB Jon Jackson 0-0: SINGLE (Groundball, 5D)
Júlio Hobbs to third
David Ward to second
Batting: LHB Frank Vázquez 0-0: Called Strike
0-1: Ball
1-1: Ball
2-1: Ball
3-1: Called Strike
3-2: Base on Balls
Júlio Hobbs scores
David Ward to third
Jon Jackson to second
Batting: RHB Irwin Robinson 0-0: Ball
1-0: Ball
2-0: Called Strike
2-1: Ball
3-1: Base on Balls
David Ward scores
Jon Jackson to third
Frank Vázquez to second
Batting: RHB Víctor León 0-0: Ball
1-0: Ball
2-0: Ball
3-0: Called Strike
3-1: Foul Ball, location: 2F
3-2: Fly out, F8 (Flyball, 8LM)
Throwing error, E8
Jon Jackson scores
Frank Vázquez to third
Irwin Robinson to second
Batting: LHB Tim Ramsey 0-0: Ball
1-0: Ball
2-0: DOUBLE (Line Drive, 89M)
Frank Vázquez scores
Irwin Robinson scores
Batting: RHB Christian Moss 0-0: Called Strike
0-1: Ball
1-1: Ball
2-1: Fly out, F9 (Flyball, 89M)
Bottom of the 2nd over - 5 run(s), 2 hit(s), 3 error(s), 1 left on base; Evans HS 1 - Broken Arrow HS 5
TOP OF THE 3RD
Evans HS Knights batting - Pitching for Broken Arrow HS : RHP Joe Rose
Batting: RHB Holden Davis 0-0: Foul Ball, location: 2F
0-1: Ball
1-1: Ball
2-1: Fly out, F3 (Popup, 3SF)
Batting: LHB Bill McCraney 0-0: Called Strike
0-1: Swinging Strike
0-2: Ball
1-2: Foul Ball, location: 2F
1-2: Strikes out swinging
Batting: SHB Jorge Dávila 0-0: Ball
1-0: Ball
2-0: Ball
3-0: Called Strike
3-1: Called Strike
3-2: Base on Balls
Batting: RHB Michael Stevenson 0-0: Ball
Jorge Dávila steals 2nd base
1-0: Ball
2-0: Called Strike
2-1: Swinging Strike
2-2: SINGLE (Groundball, 56D)
Jorge Dávila to third
Runner from 3rd tries for Home, SAFE, no throw or cutoff
Batting: RHB Ronnie Rogers 0-0: Ball
1-0: Ball
2-0: Ball
3-0: Called Strike
3-1: Base on Balls
Michael Stevenson to second
Batting: LHB Guy Moss 0-0: Ball
1-0: Ball
Wild Pitch!
Michael Stevenson to third
Ronnie Rogers to second
2-0: Called Strike
2-1: Fly out, F8 (Flyball, 8RM)
Top of the 3rd over - 1 run(s), 1 hit(s), 0 error(s), 2 left on base; Evans HS 2 - Broken Arrow HS 5
BOTTOM OF THE 3RD
Broken Arrow HS batting - Pitching for Evans HS Knights : RHP Steve Parsons
Batting: RHB Robert Cannon 0-0: Called Strike
0-1: Ball
1-1: SOLO HOME RUN (Flyball, 89XD), Distance : 424 ft
Batting: RHB Júlio Hobbs 0-0: Ball
1-0: Ball
2-0: Ball
3-0: Called Strike
3-1: Called Strike
3-2: Base on Balls
Batting: RHB David Ward 0-0: Ball
1-0: Called Strike
1-1: Ball
2-1: Foul Ball, location: 2F
2-2: Grounds into double play, 6-4-3 (Groundball, 6)
Batting: LHB Jon Jackson 0-0: Foul Ball, location: 2F
0-1: Called Strike
0-2: Strikes out swinging
Bottom of the 3rd over - 1 run(s), 1 hit(s), 0 error(s), 0 left on base; Evans HS 2 - Broken Arrow HS 6
TOP OF THE 4TH
Evans HS Knights batting - Pitching for Broken Arrow HS : RHP Joe Rose
Batting: RHB John Eaves 0-0: Called Strike
0-1: Ball
1-1: Ground out 4-3 (Groundball, 4M)
Batting: LHB Ernesto López 0-0: Called Strike
0-1: Ball
1-1: Ball
2-1: Ball
3-1: SINGLE (Line Drive, 56D)
Batting: RHB Tom Stoltz 0-0: Called Strike
Ernesto López steals 2nd base
0-1: Ball
Ernesto López steals 3rd base
1-1: Ground out 6-3 (Groundball, 6)
Ernesto López scores
Batting: RHB Holden Davis 0-0: Ball
1-0: Foul Ball, location: 2F
1-1: Fly out, F9 (Flyball, 9LM)
Top of the 4th over - 1 run(s), 1 hit(s), 0 error(s), 0 left on base; Evans HS 3 - Broken Arrow HS 6
BOTTOM OF THE 4TH
Broken Arrow HS batting - Pitching for Evans HS Knights : RHP Steve Parsons
Batting: LHB Frank Vázquez 0-0: Called Strike
0-1: Fly out, F9 (Flyball, 9M)
Batting: RHB Irwin Robinson 0-0: Ball
1-0: Swinging Strike
1-1: Ground out 6-3 (Groundball, 6M)
Batting: RHB Víctor León 0-0: SINGLE (Flyball, 8RS)
Pitching: LHP Bob Watkins
Batting: LHB Tim Ramsey 0-0: Foul Ball, location: 2F
0-1: Fly out, F8 (Flyball, 78M)
Bottom of the 4th over - 0 run(s), 1 hit(s), 0 error(s), 1 left on base; Evans HS 3 - Broken Arrow HS 6
TOP OF THE 5TH
Evans HS Knights batting - Pitching for Broken Arrow HS : RHP Joe Rose
Pitching: RHP Roberto Solís
Batting: LHB Bill McCraney 0-0: Called Strike
0-1: Foul Ball, location: 2F
0-2: Ball
1-2: Foul Ball, location: 2F
1-2: Foul Ball, location: 2F
1-2: SINGLE (Line Drive, 9S)
Batting: SHB Jorge Dávila 0-0: Ball
1-0: Called Strike
1-1: Swinging Strike
1-2: Ball
2-2: Foul Ball, location: 2F
2-2: Foul Ball, location: 2F
2-2: Strikes out looking
Batting: RHB Michael Stevenson 0-0: Ball
1-0: Called Strike
1-1: Foul Ball, location: 2F
1-2: Foul Ball, location: 2F
1-2: Ball
2-2: Ball
3-2: Fly out, F3 (Popup, 34)
Batting: RHB Ronnie Rogers 0-0: Fielders Choice at 2nd, U6 (Groundball, 6M)
Top of the 5th over - 0 run(s), 1 hit(s), 0 error(s), 1 left on base; Evans HS 3 - Broken Arrow HS 6
BOTTOM OF THE 5TH
Broken Arrow HS batting - Pitching for Evans HS Knights : LHP Bob Watkins
Batting: RHB Christian Moss 0-0: Ball
1-0: SINGLE (Flyball, 7S)
Batting: RHB Robert Cannon 0-0: SINGLE (Line Drive, 89S)
Christian Moss to second
Batting: RHB Júlio Hobbs 0-0: Ball
1-0: Ball
2-0: Called Strike
2-1: Ball
3-1: Base on Balls
Christian Moss to third
Robert Cannon to second
Batting: RHB David Ward 0-0: SINGLE (Groundball, 6MD)
Christian Moss scores
Robert Cannon to third
Júlio Hobbs to second
Batting: LHB Jon Jackson 0-0: Called Strike
0-1: SINGLE (Groundball, 4M)
Robert Cannon scores
Júlio Hobbs to third
David Ward to second
Batting: LHB Frank Vázquez 0-0: Swinging Strike
0-1: Ball
1-1: Foul Ball, location: 2F
1-2: Strikes out swinging
Batting: RHB Irwin Robinson 0-0: Foul Ball, location: 2F
0-1: Called Strike
0-2: Ball
1-2: Ball
2-2: Ball
3-2: SINGLE (Line Drive, 56D)
Júlio Hobbs scores
David Ward to third
Jon Jackson to second
Batting: RHB Víctor León 0-0: Called Strike
0-1: Ball
1-1: Foul Ball, location: 2F
1-2: Ball
2-2: DOUBLE (Line Drive, 8LM)
David Ward scores
Jon Jackson scores
Irwin Robinson to third
Pitching: LHP Marc Fontenot
Batting: LHB Tim Ramsey 0-0: Ball
1-0: Ball
2-0: Ball
3-0: Base on Balls
Batting: RHB Christian Moss 0-0: Foul Ball, location: 2F
0-1: Ball
Passed Ball!
Irwin Robinson scores
Víctor León to third
Tim Ramsey to second
1-1: Swinging Strike
1-2: Ball
2-2: Foul Ball, location: 2F
2-2: Ball
3-2: Foul Ball, location: 2F
3-2: Base on Balls
Batting: RHB Robert Cannon 0-0: Foul Ball, location: 2F
0-1: Foul Ball, location: 2F
0-2: Ball
1-2: SINGLE (Line Drive, 9S)
Víctor León scores
Tim Ramsey to third
Christian Moss to second
Runner from 3rd tries for Home, SAFE, no throw or cutoff
Batting: RHB Júlio Hobbs 0-0: Grounds into double play, 4-6-3 (Groundball, 4)
Bottom of the 5th over - 8 run(s), 7 hit(s), 0 error(s), 1 left on base; Evans HS 3 - Broken Arrow HS 14
TOP OF THE 6TH
Evans HS Knights batting - Pitching for Broken Arrow HS : RHP Roberto Solís
Batting: LHB Guy Moss 0-0: Fly out, F8 (Flyball, 78M)
Batting: RHB John Eaves 0-0: Ball
1-0: Ball
2-0: Ball
3-0: Base on Balls
Batting: LHB Ernesto López 0-0: Ball
1-0: Fly out, F6 (Popup, 6MD)
Batting: RHB Tom Stoltz 0-0: Called Strike
0-1: Fly out, F5 (Popup, 25F)
Top of the 6th over - 0 run(s), 0 hit(s), 0 error(s), 1 left on base; Evans HS 3 - Broken Arrow HS 14
BOTTOM OF THE 6TH
Broken Arrow HS batting - Pitching for Evans HS Knights : LHP Marc Fontenot
Batting: RHB David Ward 0-0: Ball
1-0: Called Strike
1-1: Ground out 1-3 (Groundball, 15S)
Batting: LHB Jon Jackson 0-0: Ground out U3 (Groundball, 3)
Batting: LHB Frank Vázquez 0-0: Ball
1-0: Swinging Strike
1-1: Ball
2-1: Swinging Strike
2-2: Strikes out looking
Bottom of the 6th over - 0 run(s), 0 hit(s), 0 error(s), 0 left on base; Evans HS 3 - Broken Arrow HS 14
TOP OF THE 7TH
Evans HS Knights batting - Pitching for Broken Arrow HS : RHP Roberto Solís
Pitching: RHP Will Hall
Batting: RHB Holden Davis 0-0: Ball
1-0: Ball
2-0: SINGLE (Line Drive, 8LS)
Pinch Hitting: RHB Matt Numbers 0-0: Ball
1-0: Foul Ball, location: 2F
1-1: SINGLE (Line Drive, 7S)
Holden Davis to second
Pinch Hitting: RHB David Banks 0-0: Hit by Pitch
Holden Davis to third
Matt Numbers to second
Batting: RHB Michael Stevenson 0-0: Ground out 5-3 (Groundball, 56S)
Holden Davis scores
Matt Numbers to third
David Banks to second
Batting: RHB Ronnie Rogers 0-0: Ball
1-0: Fly out, F4 (Popup, 34D)
Batting: LHB Guy Moss 0-0: Called Strike
0-1: Called Strike
0-2: Ball
1-2: Ball
2-2: Ball
3-2: Base on Balls
Batting: RHB John Eaves 0-0: Ball
1-0: SINGLE (Groundball, 34D)
Matt Numbers scores
David Banks to third
Guy Moss to second
Runner from 3rd tries for Home, SAFE, no throw or cutoff
Batting: LHB Ernesto López 0-0: Hit by Pitch
Guy Moss to third
John Eaves to second
Batting: RHB Tom Stoltz 0-0: Called Strike
0-1: Fly out, F3 (Popup, 3)
Top of the 7th over - 3 run(s), 3 hit(s), 0 error(s), 3 left on base; Evans HS 6 - Broken Arrow HS 14
BOTTOM OF THE 7TH
Broken Arrow HS batting - Pitching for Evans HS Knights : LHP Marc Fontenot
Now at 1B: Matt Numbers
Now at 3B: David Banks
Batting: RHB Irwin Robinson 0-0: Called Strike
0-1: Fly out, F9 (Flyball, 9M)
Pitching: RHP Arthur Morgan
Batting: RHB Víctor León 0-0: Ground out 1-3 (Groundball, 13S)
Batting: LHB Tim Ramsey 0-0: Called Strike
0-1: Ground out 3-1 (Groundball, 34)
Bottom of the 7th over - 0 run(s), 0 hit(s), 0 error(s), 0 left on base; Evans HS 6 - Broken Arrow HS 14
TOP OF THE 8TH
Evans HS Knights batting - Pitching for Broken Arrow HS : RHP Will Hall
Now at 2B: Sean Brown
Now at SS: Ray Foley
Now in CF: Shayne Garneau
Batting: RHB Holden Davis 0-0: Called Strike
0-1: Ball
1-1: Swinging Strike
1-2: Ball
2-2: Ball
3-2: Strikes out swinging
Batting: RHB Matt Numbers 0-0: Swinging Strike
0-1: Called Strike
0-2: Foul Ball, location: 2F
0-2: Strikes out looking
Batting: RHB David Banks 0-0: Fly out, F7 (Line Drive, 7M)
Top of the 8th over - 0 run(s), 0 hit(s), 0 error(s), 0 left on base; Evans HS 6 - Broken Arrow HS 14
BOTTOM OF THE 8TH
Broken Arrow HS batting - Pitching for Evans HS Knights : RHP Arthur Morgan
Batting: RHB Christian Moss 0-0: Ground out 5-3 (Groundball, 56)
Batting: RHB Robert Cannon 0-0: Ball
1-0: Ball
2-0: Swinging Strike
2-1: Ball
3-1: Called Strike
3-2: SINGLE (Groundball, 6D)
Batting: RHB Júlio Hobbs 0-0: Ball
Wild Pitch!
Robert Cannon to second
1-0: Called Strike
1-1: Called Strike
1-2: Ball
2-2: Ball
3-2: Strikes out swinging
Batting: RHB David Ward 0-0: Ball
1-0: Ball
2-0: SINGLE (Line Drive, 6M)
Robert Cannon to third
Runner from 3rd tries for Home, SAFE, throw made home
Batting: LHB Jon Jackson 0-0: Foul Ball, location: 2F
0-1: Called Strike
David Ward steals 2nd base
0-2: Ball
1-2: Ball
2-2: Ball
3-2: Base on Balls
Batting: LHB Frank Vázquez 0-0: Swinging Strike
0-1: Fly out, F8 (Flyball, 8RM)
Bottom of the 8th over - 1 run(s), 2 hit(s), 0 error(s), 2 left on base; Evans HS 6 - Broken Arrow HS 15
TOP OF THE 9TH
Evans HS Knights batting - Pitching for Broken Arrow HS : RHP Will Hall
Now at C: Rubén Hernández
Batting: RHB Michael Stevenson 0-0: Called Strike
0-1: Ball
1-1: Foul Ball, location: 2F
1-2: Strikes out swinging
Batting: RHB Ronnie Rogers 0-0: Ball
1-0: Ball
2-0: Called Strike
2-1: DOUBLE (Line Drive, 89M)
Batting: LHB Guy Moss 0-0: Swinging Strike
0-1: SINGLE (Groundball, 6MD)
Ronnie Rogers to third
Throwing error, E8
Ronnie Rogers scores
Guy Moss to second
Pitching: RHP Brit Torres
Batting: RHB John Eaves 0-0: Ball
1-0: Ground out 4-3 (Groundball, 34)
Guy Moss to third
Batting: LHB Ernesto López 0-0: Ball
1-0: Ball
2-0: SINGLE (Groundball, 13) (infield hit)
Guy Moss scores
Batting: RHB Tom Stoltz 0-0: Ball
1-0: Called Strike
1-1: Ground out 4-3 (Groundball, 4)
Top of the 9th over - 2 run(s), 3 hit(s), 1 error(s), 1 left on base; Evans HS 8 - Broken Arrow HS 15
This league is powered by Out of the Park Baseball, the baseball management simulation game for PC, Mac and Linux
Wednesday, December 2nd, 2015 - OOTP Baseball 16.8 Build 38